 Dungeon Crawl Stone Soup version 0.28.0-53-g5a82cb258f (webtiles) character file.

Game seed: 6145335088442798758

64 hawla the Chiller (level 3, 0/19 HPs)
             Began as a Deep Elf Ice Elementalist on June 7, 2022.
             Slain by Sigmund
             ... wielding a +0 scythe
              (6 damage)
             ... on level 2 of the Dungeon.
             The game lasted 00:09:19 (2160 turns).

hawla the Chiller (Deep Elf Ice Elementalist)       Turns: 2160, Time: 00:09:19

Health: 0/19       AC:  2    Str:  7    XL:     3   Next: 91%
Magic:  4/10       EV: 12    Int: 19    God:
Gold:   46         SH:  0    Dex: 15    Spells: 6/10 levels left

rFire   + . .      SeeInvis .   g - +1 short sword (drain)
rCold   . . .      Faith    .   (no shield)
rNeg    . . .      Spirit   .   a - +0 robe
rPois   +          Reflect  .   (no helmet)
rElec   .          Harm     .   (no cloak)
rCorr   .          Rampage  .   (no gloves)
Will    .....                   (no boots)
Stlth   ++........              (no amulet)
HPRegen 0.06/turn               e - ring of protection from fire
MPRegen 0.12/turn               h - ring of poison resistance

@: freezing walls, very slightly contaminated
A: no striking features
a: no special abilities


You were on level 2 of the Dungeon.
You visited 1 branch of the dungeon, and saw 2 of its levels.

You collected 46 gold pieces.

Inventory:

Hand Weapons
 g - a +1 short sword of draining (weapon)
Missiles
 f - 2 atropa-tipped darts (quivered)
Armour
 a - a +0 robe (worn)
Jewellery
 e - a ring of protection from fire (left hand)
 h - a ring of poison resistance (right hand)
Scrolls
 b - a scroll of teleportation
 c - 2 scrolls of identify
 d - a scroll of brand weapon
 i - a scroll of enchant armour {unknown}


   Skills:
 + Level 2.6 Dodging
 + Level 2.8 Stealth
 + Level 4.1 Spellcasting
 + Level 5.3 Ice Magic


You had 6 spell levels left.
You knew the following spells:

 Your Spells              Type           Power      Damage    Failure   Level
a - Freeze                Ice            96%        1d11      1%          1
b - Frozen Ramparts       Ice            48%        1d6       4%          3

Your spell library contained the following spells:

 Spells                   Type           Power      Damage    Failure   Level
 Ozocubu's Armour         Ice            24%        N/A       4%          3
 Magic Dart               Conj           12%        1d3       14%         1
 Searing Ray              Conj           6%         2d4       21%         2
 Hailstorm                Conj/Ice       14%        3d5       41%         4
 Fulminant Prism          Conj/Hex       1%         3d6       80%         4


Dungeon Overview and Level Annotations

Branches:
Dungeon (2/15)

Altars:

Shops:
D:2 (?[

Annotations:
D:2 Sigmund


Message History

Moving in this stuff is going to be slow.
You see here a gold piece.
You now have 46 gold pieces (gained 1).
Casting: Freeze (safe; 1% risk of failure)
Confirm with . or Enter, or press ? or * to list all spells.
You don't know that spell.
Casting: Freeze (safe; 1% risk of failure)
Confirm with . or Enter, or press ? or * to list all spells.
The spell is quite dangerous to miscast (4% risk of failure)!
Continue anyway?
Casting: Frozen Ramparts (quite dangerous; 4% risk of failure)
Press: ? - help, Dir - look around, f - activate You miscast Frozen Ramparts.
You are very lightly contaminated with residual magic.
Nothing appears to happen.
Sigmund hits you from afar with a +0 scythe.
Unknown command.
Casting: Frozen Ramparts (quite dangerous; 4% risk of failure)
Confirm with . or Enter, or press ? or * to list all spells.
The spell is quite dangerous to miscast (4% risk of failure)!
Continue anyway?
Casting: Frozen Ramparts (quite dangerous; 4% risk of failure)
Press: ? - help, Dir - look around, f - activate The walls around you are covered in ice.
The wall freezes Sigmund!
Sigmund mumbles some strange words.
Sigmund flickers and vanishes!
Deactivating autopickup; reactivate with Ctrl-A.
Throw: 4 darts (atropa)
Press: ? - help, Q - select action, (/) - cycle Shift-Dir - straight line, f - you
Okay, then.
Okay, then.
Throw: 4 darts (atropa)
Press: ? - help, Shift-Dir - straight line You throw an atropa-tipped dart.
The wall freezes something.
Something hits you!
Unknown command.
Throw: 3 darts (atropa)
Press: ? - help, Shift-Dir - straight line You throw an atropa-tipped dart.
The wall freezes something!
Something hits you.
You die...

♣.♣...........#.......#.####
#...........>..♣.♣.♣.♣....[.
♣.♣...........#.......#...##
#.......).....#♣.♣.♣.♣###.##
#.............##..........##
#.............#♣.♣.♣.♣#####
#........)...............# #
####...........♣#♣#♣#♣##.#
########@....# #.###
##.#...# #.... #..{...#
#.... #.≈≈≈..# ##...
#.≈_≈..# #.♣♣
#.≈≈≈..#########.♣♣
#.............##.♣♣
#....(........##.♣♣
#.............##.♣♣


There were no monsters in sight!

Vanquished Creatures
  3 adders (D:2)
  A worm (D:2)
  3 endoplasms
  A giant cockroach (D:1)
  6 goblins
  2 hobgoblins (D:1)
  A kobold (D:2)
  4 ball pythons
  8 bats
  A frilled lizard (D:1)
  4 rats
34 creatures vanquished.

Vanquished Creatures (others)
  A plant (D:2)
1 creature vanquished.

Grand Total: 35 creatures vanquished

Notes
Turn   | Place    | Note
-------+----------+-------------------------------------------
     0 | D:1      | hawla the Deep Elf Ice Elementalist began the quest for the
                  | Orb.
     0 | D:1      | Reached XP level 1. HP: 10/10 MP: 6/6
   239 | D:1      | Reached XP level 2. HP: 15/15 MP: 6/8
   725 | D:1      | Reached skill level 5 in Ice Magic
   939 | D:2      | Found Ysuujiun's Magic Scroll Boutique.
  1028 | D:2      | Found Asudwosich's Armour Boutique.
  1096 | D:2      | Reached XP level 3. HP: 16/19 MP: 6/10
  1127 | D:2      | Learned a level 3 spell: Frozen Ramparts
  1284 | D:2      | Noticed Sigmund
  1437 | D:2      | Found Tiuxuonn's Weapon Emporium.
  2141 | D:2      | Found a faded altar of an unknown god.
  2160 | D:2      | Slain by Sigmund

Illustrated notes

Levels and vault maps discovered:
D:1:      dpeg_arrival_rooms_a, layout_loops_ring
D:2:      layout_basic, hellmonk_ecumenical_altar_pennies_from_heaven,
          serial_shops, nicolae_shop_behind_doors, nicolae_shop_waterfront,
          nicolae_shop_bloodbath_and_beyond, serial_forest,
          infiniplex_forest_end_3, infiniplex_forest_lined_room_2,
          infiniplex_forest_lined_3, infiniplex_forest_straight_4,
          infiniplex_forest_fountain, infiniplex_forest_clump_long,
          infiniplex_forest_lined_1, infiniplex_forest_lined_1, uniq_sigmund

Skill      XL: |  1  2  3 |
---------------+----------+-----
Ice Magic      | 5 |  5.3
Spellcasting   | 4 |  4.1
Dodging        | |  2.6
Stealth        | |  2.8

Action                   || total
-------------------------++-------
Melee: Unarmed           ||    10
       Short sword       ||     8
Throw: Dart              ||     3
 Cast: Freeze            ||    38
       Frozen Ramparts   ||     6
  Use: Scroll            ||     3
       Potion            ||     1
Armor: Robe              ||    12
Dodge: Dodged            ||    54
